 Dungeon Crawl Stone Soup version 0.13-a0-2537-g1f6edf4 (webtiles) character file.

164506 Rycklaryybbe the Sensei (level 17, 0/140 HPs)
             Began as a Minotaur Monk on July 27, 2013.
             Was the Champion of Okawaru.
             Slain by a stone giant (40 damage)
             ... on Level 2 of the Vaults.
             The game lasted 02:46:11 (37500 turns).

Rycklaryybbe the Wrestler (Minotaur Monk)          Turns: 37500, Time: 02:46:11

HP   0/140       AC 22     Str 22      XL: 17   Next: 20%
MP  18/18        EV 22     Int 10      God: Okawaru [******]
Gold 2650        SH 34     Dex 23      Spells:  1 memorised, 14 levels left

Res.Fire  : . . .   See Invis. : .     - Unarmed
Res.Cold  : . . .   Warding    : .   N - -1 swamp dragon armour of Cahyokhlor {rPoi Life Prot.: + . . Conserve : + K - +3 shield {rN+}
Res.Poison: +       Res.Corr.  : +   L - +2 wizard hat {MR+}
Res.Elec. : .       Clarity    : .   V - +2 cloak {rCorr, Cons}
Sust.Abil.: . .     Spirit.Shd : .   v - +2 pair of gloves {Dex+3}
Res.Mut.  : .       Stasis     : .   B - +2 pair of boots
Res.Rott. : .       Flight     : .   E - amulet of faith
Saprovore : . . .                    k - +5 ring of dexterity
                                     x - ring of regeneration

@: studying Throwing, quite resistant to hostile enchantments, unstealthy
A: retaliatory headbutt, hooves 1, horns 2, -10% mp, slow healing 1
a: Heroism, Finesse, Renounce Religion


You were on level 2 of the Vaults.
You worshipped Okawaru.
Okawaru was exalted by your worship.
You were not hungry.

You visited 5 branches of the dungeon, and saw 34 of its levels.
You also visited: Labyrinth.

You collected 2692 gold pieces.

Inventory:

Missiles
 o - a throwing net [torn]
 y - 3 throwing nets (quivered)
Armour
 a - the +0 cloak of Lies {Int+4 Dam-1}
   (You found it on level 1 of the Vaults)

   It affects your intelligence (+4).
   It affects your damage-dealing abilities (-1).
 j - a +0 cloak of magic resistance
 v - a +2 pair of gloves of dexterity (worn)
 B - a +2 pair of boots (worn)
 H - a +1 ring mail of fire resistance
 K - a +3 shield of positive energy (worn)
 L - a +2 wizard hat of magic resistance (worn)
 N - the -1 swamp dragon armour of Cahyokhlor (worn) {rPois Str+2 Int+2}
   (Okawaru gifted it to you on level 1 of the Vaults)

   It affects your strength (+2).
   It affects your intelligence (+2).
   It protects you from poison.
 R - the +7 leather armour of Ashenzari's Outrage {+Fly Curse}
   (You found it in a labyrinth)

   It lets you fly.
   It may recurse itself.
 V - a +2 cloak of preservation (worn)
Magical devices
 G - a wand of teleportation (4)
 I - a wand of digging (8)
 O - a wand of teleportation (2)
 S - a wand of draining (3)
 X - a wand of disintegration (5)
Comestibles
 b - 14 bread rations
 p - an apple
 F - 5 honeycombs
Scrolls
 d - 6 scrolls of fog
 e - 7 scrolls of teleportation
 g - 7 scrolls of identify
 h - 10 scrolls of remove curse
 n - 2 scrolls of recharging
 q - 4 scrolls of magic mapping
 r - a scroll of silence
 u - a scroll of amnesia
 Z - a scroll of fear
Jewellery
 c - an uncursed ring of sustain abilities
 f - an uncursed amulet of clarity
 k - a +5 ring of dexterity (right hand)
 l - an uncursed ring of fire
 s - an uncursed ring of ice
 w - a +4 ring of dexterity
 x - a ring of regeneration (left hand)
 A - an uncursed ring of sustenance
 D - an uncursed amulet of stasis
 E - an amulet of faith (around neck)
 M - an uncursed ring of positive energy
 Q - an uncursed amulet of resist mutation
 T - an uncursed ring of teleport control
 U - an uncursed amulet of the gourmand
 Y - an uncursed ring of see invisible
Potions
 i - 3 potions of invisibility
 m - 3 potions of speed
 t - 3 potions of brilliance
 z - 4 potions of restore abilities
 C - 3 potions of resistance
 J - 8 potions of curing
 P - 2 potions of agility
Books
 W - a manual of Throwing


   Skills:
 - Level 11.3 Fighting
 + Level 7.2 Throwing
 + Level 12.2 Armour
 - Level 11.7 Dodging
 - Level 1.5 Stealth
 - Level 15.3 Shields
 * Level 22.1 Unarmed Combat
 - Level 5.7 Invocations


You had 14 spell levels left.
You knew the following spells:

 Your Spells              Type           Power        Failure   Level  Hunger
a - Blink                 Tloc           N/A          61%         2    ###....


Dungeon Overview and Level Annotations

Branches:
Dungeon (19/27)            Temple (1/1) D:5             Orc (4/4) D:8
    Elf (0/3) Orc:4          Lair (8/8) D:8          Shoals (0/5) Lair:6
  Snake (0/5) Lair:4        Slime (0/6) Lair:6       Vaults (2/5) D:19
  Crypt: Vaults:2-3  Forest: Vaults:2-3

Altars:
Ashenzari
Cheibriados
Elyvilon
Fedhas
Kikubaaqudgha
Makhleb
Nemelex Xobeh
Okawaru
Sif Muna
Trog
Vehumet
Xom
Yredelemnul
Zin
the Shining One
Beogh

Shops:
D:6: ( D:12: % D:14: ? Orc:4: %[?*% Vaults:1: (

Portals:
Bazaar: D:13

Annotations
D:5 exclusion: moth of wrath
D:11 exclusion: silver statue
Vaults:2 Louise


Innate Abilities, Weirdness & Mutations

You reflexively headbutt those who attack you in melee.
You have a pair of horns on your head.
You have large cloven feet.
Your magical capacity is low (-10% MP).
You heal slowly.


Message History

The ironbrand convoker begins to recite a word of recall!
You hit the stone giant. You kick the stone giant.
The stone giant is moderately wounded.
You block the centaur's attack.
The vault sentinel blows on a signal horn!
The ironbrand convoker misses you. You furiously retaliate!
You headbutt the ironbrand convoker. The stone giant hits you!
* * * LOW HITPOINT WARNING * * *
Read which item? (? for menu, Esc to quit)
As you read the scroll of fear, it crumbles to dust.
You assume a fearsome visage.
The vault sentinel looks frightened!
The boulder beetle looks frightened!
The ironbrand convoker looks frightened!
The stone giant resists with some effort.
The centaur looks frightened!
The mermaid looks frightened!
The ironbrand convoker looks frightened!
The ironbrand convoker's word of recall is interrupted.
The centaur cries, "Waaaaaa!"
The stone giant hits you!
You die...

.....#.#
#########....#C###
#.......#.cm.#@..
#.......#....#..
#.......#....#.#
#.......#c§..#.###
#.......'§.§§#..@#
#.......#.§§§#B§.#
#.#.......#.§@@C@###
#.#########.§§§#§#
#..........§.§§###
#..........§...#
#..............#
#..............#
#..............#
#..............#
#...########...#


You could see a stone giant, a boulder beetle (fleeing), a vault sentinel
(fleeing), 2 ironbrand convokers and a centaur (fleeing).

Vanquished Creatures
  Sojobo (Vaults:2)
  A storm dragon (Vaults:1)
  3 tengu reavers (Vaults:1)
  A frost giant (Vaults:2)
  3 vault wardens
  The ghost of mathso the Cruncher, a mighty GrGl of Okawaru (Orc:4)
  2 stone giants (Vaults:1)
  A deep elf annihilator (Vaults:1)
  3 dire elephants (Lair:8)
  A minotaur (Lab)
  2 ironheart preservers (Vaults:1)
  A yaktaur captain (Vaults:1)
  3 dragons
  10 vault guards
  A ravenous feature mimic (Vaults:1)
  7 hydras
  An anaconda (Lair:8)
  Erica (Lair:1)
  7 death yaks
  8 ogre magi
  An orc high priest (D:19)
  A rakshasa (Vaults:1)
  A soul eater (D:11)
  A storm dragon zombie (Vaults:1)
  An iron golem (Vaults:1)
  Nergalle (Lair:5)
  A fire crab (shapeshifter) (Vaults:1)
  A deep elf knight (Vaults:1)
  A sun demon (D:11)
  A storm dragon skeleton (Vaults:1)
  2 deep trolls
  4 humans (D:19)
  4 skeletal warriors (D:19)
  9 centaur warriors
  An unseen horror (shapeshifter) (D:18)
  An ice devil (D:11)
  3 unseen horrors
  An ice statue (D:13)
  A giant amoeba (shapeshifter) (D:19)
  13 hill giants
  8 orc knights
  A giant orange brain (Vaults:1)
  A wizard (D:17)
  A giant amoeba (D:18)
  Joseph (D:11)
  6 griffons
  6 cyclopes
  2 orc sorcerers (D:19)
  2 wolf spiders
  3 red wasps
  3 spiny worms
  A black mamba (Lair:2)
  3 vault sentinels
  3 stone giant skeletons
  15 spiny frogs
  A guardian serpent (Lair:4)
  4 elephants (Lair:8)
  5 yaktaurs
  2 efreet
  A feature mimic (Lair:4)
  4 fire drakes
  A red devil (D:19)
  An iron devil (D:11)
  9 blink frogs
  11 trolls
  15 two-headed ogres
  Sonja (D:11)
  7 komodo dragons
  An iron troll skeleton (D:18)
  A blue devil (D:11)
  A giant firefly (shapeshifter) (D:18)
  2 human skeletons (D:19)
  An ettin zombie (D:19)
  2 shadows
  3 vampires
  7 basilisks
  28 slime creatures
  A griffon skeleton (D:17)
  53 ugly things
  11 water elementals
  5 sharks
  5 wyverns
  3 deep elf magi
  A golden eye (shapeshifter) (Vaults:1)
  An ice dragon skeleton (D:16)
  2 elephant slugs (Lair:7)
  5 hippogriffs
  3 wraiths
  53 yaks
  4 deep elf fighters (Vaults:1)
  A spiny worm zombie (D:17)
  6 vampire mosquitoes
  3 hungry ghosts
  3 hill giant skeletons
  2 rock worms
  8 wolves
  2 neqoxecs
  4 mottled dragons
  4 manticores
  A red wasp simulacrum (D:17)
  A gargoyle (D:19)
  A swamp drake (Orc:4)
  3 soldier ants
  An ice beast (shapeshifter) (Vaults:1)
  A deep troll skeleton (D:18)
  5 ice beasts
  13 porcupines
  3 giant goldfish
  2 phantoms
  17 centaurs
  12 crocodiles
  3 sky beasts
  A yellow wasp (D:15)
  A giant amoeba simulacrum (D:17)
  26 ogres
  24 orc warriors
  Grum (D:13)
  4 boring beetles
  A hill giant simulacrum (D:15)
  A rotting devil (D:11)
  2 wargs
  11 giant slugs
  A brain worm (D:18)
  4 big kobolds
  Blork the orc (Orc:4)
  14 water moccasins
  7 agate snails
  3 gnoll sergeants (D:6)
  A yaktaur skeleton (Vaults:1)
  An eye of draining (D:9)
  13 giant frogs
  A boulder beetle zombie (Vaults:1)
  29 killer bees
  5 jellyfish
  A lava fish (D:14)
  7 wights
  2 electric eels (D:13)
  A vampire bat (Lair:5)
  A boring beetle zombie (Vaults:1)
  9 crimson imps
  4 goliath beetles
  A lava snake (D:14)
  A big fish (D:17)
  An iron imp (Orc:4)
  A giant frog skeleton (D:4)
  4 quasits
  A basilisk skeleton (D:15)
  2 gnoll shamans (D:6)
  15 hounds
  9 scorpions
  12 iguanas
  17 orc wizards
  16 orc priests
  10 sheep
  A spectral orc (Lair:5)
  7 worker ants
  An ogre zombie (D:10)
  8 jellies
  A mummy (D:13)
  24 gnolls
  A lemure (D:11)
  23 adders
  6 giant centipedes
  28 green rats
  A human (shapeshifter) (D:16)
  A brain worm simulacrum (D:14)
  2 giant mites
  2 shadow imps
  A steam dragon skeleton (D:10)
  A steam dragon simulacrum (D:10)
  2 white imps
  6 worms
  A goliath beetle zombie (D:13)
  8 ufetubi (D:19)
  2 giant eyeballs
  9 giant geckos
  5 oozes
  140 orcs
  7 giant cockroaches
  19 hobgoblins
  31 jackals
  9 quokkas
  4 ball pythons
  35 bats
  A giant gecko zombie (D:8)
  6 giant newts
  A giant spore (D:13)
  17 goblins
  7 illusory rakshasas (Vaults:1)
  37 kobolds
  An orc skeleton (D:9)
  An orc zombie (D:19)
  23 rats
  6 ballistomycetes
  7 plants
1274 creatures vanquished.

Vanquished Creatures (others)
  A troll (D:13)
  An orc warrior (Orc:4)
  An orc (Orc:4)
  2 giant spores
  4 fungi (Lair:8)
  A plant (Lair:8)
10 creatures vanquished.

Grand Total: 1284 creatures vanquished

Notes
Turn   | Place    | Note
--------------------------------------------------------------
     0 | D:1      | Rycklaryybbe, the Minotaur Monk, began the quest for the Orb.
     0 | D:1      | Reached XP level 1. HP: 17/17 MP: 0/0
   338 | D:1      | Reached skill level 1 in Shields
   338 | D:1      | Reached XP level 2. HP: 16/24 MP: 0/0
   994 | D:2      | Reached XP level 3. HP: 30/30 MP: 1/1
  1044 | D:2      | Found a sparkling altar of Nemelex Xobeh.
  1046 | D:2      | Found a white marble altar of Elyvilon.
  1047 | D:2      | Found a blossoming altar of Fedhas.
  1528 | D:3      | Reached XP level 4. HP: 34/37 MP: 1/1
  1632 | D:3      | Reached skill level 5 in Unarmed Combat
  2095 | D:4      | Reached XP level 5. HP: 36/44 MP: 1/1
  2114 | D:4      | Reached skill level 6 in Unarmed Combat
  3033 | D:5      | Entered Level 5 of the Dungeon
  3135 | D:5      | Reached XP level 6. HP: 40/50 MP: 2/2
  3198 | D:5      | Noticed an ice beast
  3209 | D:5      | Killed an ice beast
  3209 | D:5      | Reached skill level 7 in Unarmed Combat
  3469 | D:5      | Found a staircase to the Ecumenical Temple.
  3476 | Temple   | Entered the Ecumenical Temple
  3623 | Temple   | Became a worshipper of Warmaster Okawaru
  3623 | Temple   | Acquired Okawaru's first power
  3845 | D:5      | Reached skill level 8 in Unarmed Combat
  3953 | D:5      | Noticed a moth of wrath
  3956 | D:5      | Found a bloodstained altar of Trog.
  3983 | D:5      | Noticed a centaur
  3999 | D:5      | Killed a centaur
  3999 | D:5      | Reached XP level 7. HP: 34/57 MP: 2/2
  4317 | D:5      | Reached skill level 9 in Unarmed Combat
  4780 | D:6      | Reached skill level 5 in Shields
  4787 | D:6      | Reached XP level 8. HP: 32/63 MP: 1/2
  5287 | D:6      | Reached skill level 10 in Unarmed Combat
  6073 | D:6      | Reached skill level 5 in Dodging
  6127 | D:6      | Found Tueduzi's Antique Weapon Shop.
  6653 | D:6      | Reached XP level 9. HP: 46/70 MP: 0/3
  8205 | D:8      | Found a staircase to the Lair.
  8431 | Lair:1   | Entered Level 1 of the Lair of Beasts
  8431 | Lair:1   | Noticed a spiny frog
  8458 | Lair:1   | Killed a spiny frog
  8627 | D:8      | Acquired Okawaru's second power
  8627 | D:8      | Reached skill level 11 in Unarmed Combat
  8650 | D:8      | Paralysed by a giant eyeball for 3 turns
  9151 | D:8      | Found a staircase to the Orcish Mines.
  9228 | D:8      | Reached skill level 10 in Shields
  9237 | D:8      | Gained mutation: Your spells are a little harder to cast, but a little more powerful. [potion of mutation]
  9237 | D:8      | Gained mutation: You are dopey (Int -1). [potion of mutation]
  9237 | D:8      | Gained mutation: You heal slowly. [potion of mutation]
  9467 | D:9      | Reached XP level 10. HP: 75/77 MP: 0/3
 10228 | D:10     | Entered Level 10 of the Dungeon
 10311 | D:10     | Noticed a hill giant
 10320 | D:10     | Killed a hill giant
 10462 | D:10     | Noticed a hill giant
 10463 | D:10     | Noticed a hill giant
 10488 | D:10     | Killed a hill giant
 10488 | D:10     | Received a gift from Okawaru
 10488 | D:10     | Reached skill level 12 in Unarmed Combat
 10986 | Lair:1   | Noticed Erica
 11001 | Lair:1   | Killed Erica
 11001 | Lair:1   | Reached skill level 5 in Armour
 11272 | Lair:1   | Noticed a spiny frog
 11283 | Lair:1   | Killed a spiny frog
 11283 | Lair:1   | Reached XP level 11. HP: 44/83 MP: 3/3
 11944 | Lair:2   | Reached skill level 13 in Unarmed Combat
 12305 | Lair:2   | Received a gift from Okawaru
 12739 | Lair:2   | Noticed a five-headed hydra
 12748 | Lair:2   | Killed a five-headed hydra
 13289 | Lair:3   | Noticed a six-headed hydra
 13301 | Lair:3   | Killed a six-headed hydra
 13301 | Lair:3   | Reached skill level 14 in Unarmed Combat
 13343 | Lair:3   | Noticed a seven-headed hydra
 13816 | Lair:3   | Reached skill level 10 in Armour
 13983 | Lair:3   | Received a gift from Okawaru
 13987 | Lair:3   | Identified a +1 cloak of preservation (Okawaru gifted it to you on level 3 of the Lair of Beasts)
 14013 | Lair:3   | Killed a seven-headed hydra
 14013 | Lair:3   | Reached XP level 12. HP: 73/90 MP: 1/4
 14578 | Lair:4   | Reached skill level 5 in Fighting
 14918 | Lair:4   | Reached skill level 15 in Unarmed Combat
 15118 | Lair:4   | Found a staircase to the Snake Pit.
 15155 | Lair:4   | Found a hole to the Spider Nest.
 15160 | Lair:4   | the hole to the Spider Nest was a mimic.
 15287 | Lair:5   | Noticed Nergalle
 15299 | Lair:5   | Killed Nergalle
 15962 | Lair:5   | Noticed a five-headed hydra
 15988 | Lair:5   | Killed a five-headed hydra
 15996 | Lair:5   | Received a gift from Okawaru
 16737 | Lair:6   | Reached skill level 16 in Unarmed Combat
 16816 | Lair:6   | Found a staircase to the Shoals.
 16905 | Lair:6   | Found a staircase to the Slime Pits.
 17029 | Lair:6   | Reached XP level 13. HP: 103/105 MP: 4/4
 17039 | Lair:6   | Received a gift from Okawaru
 17040 | Lair:6   | Got an ivory broad axe {god gift}
 17041 | Lair:6   | Identified the broad axe "Bowouh" {god gift, pain, rC++} (Okawaru gifted it to you on level 6 of the Lair of Beasts)
 17865 | Lair:7   | Reached skill level 10 in Fighting
 18598 | Lair:8   | Entered Level 8 of the Lair of Beasts
 18605 | Lair:8   | Received a gift from Okawaru
 18607 | Lair:8   | Got an ebony quarterstaff {god gift}
 18628 | Lair:8   | Identified the quarterstaff of Responsibility {god gift, crush, Str+3 Int+3} (Okawaru gifted it to you on level 8 of the Lair of Beasts)
 18994 | Lair:8   | Reached skill level 17 in Unarmed Combat
 19622 | Lair:8   | Noticed a dire elephant
 19622 | Lair:8   | Noticed a dire elephant
 19641 | Lair:8   | Noticed a dire elephant
 19642 | Lair:8   | Noticed a dire elephant
 19879 | Lair:8   | Killed a dire elephant
 19921 | Lair:8   | Killed a dire elephant
 19921 | Lair:8   | Received a gift from Okawaru
 19957 | Lair:8   | Killed a dire elephant
 20101 | Lair:8   | Lost mutation: You are dopey (Int -1). [potion of cure mutation]
 20101 | Lair:8   | Lost mutation: Your spells are a little harder to cast, but a little more powerful. [potion of cure mutation]
 20104 | Lair:8   | Got a brightly glowing longbow
 20105 | Lair:8   | Identified the longbow of the Dead {frost, Str+2} (You found it on level 8 of the Lair of Beasts)
 20661 | D:10     | Noticed a centaur warrior
 20663 | D:10     | Noticed a centaur warrior
 20674 | D:10     | Noticed a hill giant
 20676 | D:10     | Noticed a cyclops
 20684 | D:10     | Killed a centaur warrior
 20695 | D:10     | Killed a hill giant
 20696 | D:10     | Noticed a hill giant
 20702 | D:10     | Killed a centaur warrior
 20712 | D:10     | Killed a hill giant
 20719 | D:10     | Killed a cyclops
 20719 | D:10     | Reached skill level 10 in Dodging
 20729 | D:10     | Received a gift from Okawaru
 20964 | D:10     | Killed a hill giant
 21267 | D:11     | Noticed Sonja
 21278 | D:11     | Killed Sonja
 21281 | D:11     | Reached skill level 18 in Unarmed Combat
 21320 | D:11     | Identified a scroll of acquirement
 21523 | D:11     | Noticed Joseph
 21532 | D:11     | Killed Joseph
 21532 | D:11     | Reached XP level 14. HP: 115/115 MP: 4/4
 21763 | D:11     | Gained mutation: You are weak (Str -1). [a neqoxec]
 21766 | D:11     | Gained mutation: Your magical capacity is low (-10% MP). [a neqoxec]
 22077 | D:12     | Found Edidd's Food Shoppe.
 22152 | D:12     | Received a gift from Okawaru
 23126 | D:13     | Noticed Grum
 23175 | D:13     | Killed Grum
 23405 | D:13     | Found a gateway to a bazaar.
 23475 | D:13     | Received a gift from Okawaru
 23479 | D:13     | Got a twisted scale mail {god gift}
 23493 | D:13     | Identified the +1 scale mail of Neesiupn {Str+2 Acc+5} (Okawaru gifted it to you on level 13 of the Dungeon)
 23942 | D:14     | Entered Level 14 of the Dungeon
 24387 | D:14     | Found Osafuang's Magic Scroll Shop.
 25020 | Orc:1    | Entered Level 1 of the Orcish Mines
 25369 | Orc:2    | Found a roughly hewn altar of Beogh.
 25822 | Orc:4    | Entered Level 4 of the Orcish Mines
 25826 | Orc:4    | Noticed mathso's ghost (mighty GrGl)
 26025 | Orc:4    | Killed mathso's ghost
 26189 | Orc:4    | Found a staircase to the Elven Halls.
 26239 | Orc:4    | Found a labyrinth entrance.
 26240 | Orc:4    | Found Ganyha's Food Shop.
 26256 | Lab      | Entered a labyrinth
 26373 | Lab      | Got a slimy leather armour
 26373 | Lab      | Got a dull robe
 26373 | Lab      | Got a transparent scale mail
 26385 | Lab      | Identified the +7 leather armour of Ashenzari's Outrage {+Fly Curse} (You found it in a labyrinth)
 26418 | Lab      | Identified the cursed -5 robe of Misfortune {-Cast Contam *Tele EV-4 Str-2 Dex-2 Int-2 Stlth-- Curse} (You found it in a labyrinth)
 26435 | Lab      | Identified the cursed +5 scale mail of Dyrphuucu {+Inv} (You found it in a labyrinth)
 26613 | Orc:4    | Reached skill level 19 in Unarmed Combat
 26864 | Orc:4    | Found Ataph's Food Shoppe.
 26864 | Orc:4    | Found Mianaem's Antique Armour Emporium.
 26864 | Orc:4    | Found Smuceufa's Magic Scroll Shop.
 26876 | Orc:4    | Found Psotun's Assorted Antiques.
 26965 | Orc:4    | Noticed Blork the orc
 26981 | Orc:4    | Killed Blork the orc
 27096 | Orc:4    | Learned a level 2 spell: Blink
 27121 | Orc:4    | Identified a +5 rod of striking (8/8) (You found it in a labyrinth)
 27463 | D:15     | Entered Level 15 of the Dungeon
 27538 | D:15     | Received a gift from Okawaru
 28280 | D:16     | Got a transparent plate armour
 28296 | D:16     | Identified the cursed +8 plate armour of Devotion {+Inv Acc+4 SInv} (You found it on level 16 of the Dungeon)
 28734 | D:16     | Reached XP level 15. HP: 58/123 MP: 4/4
 28740 | D:16     | Received a gift from Okawaru
 29067 | D:16     | Found a white marble altar of Elyvilon.
 29563 | D:17     | Received a gift from Okawaru
 30084 | D:17     | Reached skill level 1 in Invocations
 30524 | D:18     | Reached skill level 20 in Unarmed Combat
 30818 | D:18     | Lost mutation: You are weak (Str -1). [helix card]
 30818 | D:18     | Gained mutation: You have large cloven feet. [helix card]
 31105 | D:18     | Received a gift from Okawaru
 31881 | D:19     | Received a gift from Okawaru
 31881 | D:19     | Reached skill level 5 in Invocations
 31928 | D:19     | Found a basalt altar of Yredelemnul.
 32824 | D:19     | Reached XP level 16. HP: 77/130 MP: 17/17
 32825 | D:19     | Received a gift from Okawaru
 32837 | D:19     | Got a ripped robe {god gift}
 32845 | D:19     | Identified the +1 robe "Maemnuov" {Str+2 Dex+3 Int-3} (Okawaru gifted it to you on level 19 of the Dungeon)
 33963 | D:19     | Reached skill level 15 in Shields
 34207 | D:19     | Found a staircase to the Vaults.
 34263 | Vaults:1 | Entered Level 1 of the Vaults
 34287 | Vaults:1 | Reached skill level 21 in Unarmed Combat
 34449 | Vaults:1 | Received a gift from Okawaru
 34464 | Vaults:1 | Got a distressingly furry swamp dragon armour {god gift}
 34477 | Vaults:1 | Identified the -1 swamp dragon armour of Cahyokhlor {rPois Str+2 Int+2} (Okawaru gifted it to you on level 1 of the Vaults)
 34644 | Vaults:1 | Got a polished great sword
 34651 | Vaults:1 | Identified the cursed great sword "Kloi" {slice, rElec rC- Str+2 Dex+3 Int+2} (You found it on level 1 of the Vaults)
 35117 | Vaults:1 | Reached skill level 1 in Throwing
 35960 | Vaults:1 | Noticed a storm dragon
 35969 | Vaults:1 | Killed a storm dragon
 35992 | Vaults:1 | Reached skill level 5 in Throwing
 36020 | Vaults:1 | Got a shimmering cloak
 36024 | Vaults:1 | Identified the +0 cloak of Lies {Int+4 Dam-1} (You found it on level 1 of the Vaults)
 36044 | Vaults:1 | Found Sediv's Antique Weapon Shoppe.
 36134 | Vaults:1 | Received a gift from Okawaru
 36842 | Vaults:2 | Noticed Sojobo
 36859 | Vaults:1 | Reached XP level 17. HP: 48/140 MP: 18/18
 37342 | Vaults:2 | Killed Sojobo
 37342 | Vaults:2 | Reached skill level 22 in Unarmed Combat
 37481 | Vaults:2 | Noticed Louise
 37500 | Vaults:2 | Slain by a stone giant

Action                   |  1- 3 |  4- 6 |  7- 9 | 10-12 | 13-15 | 16-18 || total
-------------------------+-------+-------+-------+-------+-------+-------++-------
Melee: Unarmed           |    85 |   174 |   554 |   970 |  2083 |   646 ||  4512
       Broad axe         |       |       |       |       |    16 |       ||    16
       Sabre             |       |       |       |       |     5 |       ||     5
       Quarterstaff      |       |       |       |       |     1 |       ||     1
       Rod               |       |       |       |       |     4 |       ||     4
       Demon trident     |       |       |       |       |    18 |       ||    18
       Demon blade       |       |       |       |       |    10 |       ||    10
       Great sword       |       |       |       |       |       |     3 ||     3
Throw: Throwing net      |       |       |     2 |       |       |       ||     2
Invok: Heroism           |       |       |     5 |     9 |     8 |     1 ||    23
       Finesse           |       |       |       |       |       |     1 ||     1
 Abil: Evoke Flight      |       |       |       |       |     1 |     1 ||     2
Evoke: Wand              |       |       |     1 |     8 |     9 |     7 ||    25
       Deck              |       |       |       |       |     7 |     2 ||     9
  Use: Scroll            |       |    12 |     2 |    15 |    37 |     5 ||    71
       Potion            |       |     1 |     5 |       |    12 |     5 ||    23
 Stab: Sleeping          |     2 |     1 |     1 |       |     2 |     3 ||     9
       Invisible         |       |       |       |       |     3 |       ||     3
       Fleeing           |       |       |       |       |     2 |       ||     2
       Distracted        |       |       |       |       |       |     1 ||     1
